 Dungeon Crawl Stone Soup version 0.31.0-32-g396128a36d (webtiles) character file.

Game seed: 522932805109346089

81 pewpewzerker the Chiller (level 4, -1/24 HPs)
             Began as a Gargoyle Ice Elementalist on Apr 5, 2024.
             Was a Follower of Ru.
             Slain by a crocodile (5 damage)
             ... in a sewer on Apr 6, 2024.
             The game lasted 00:13:00 (2919 turns).

pewpewzerker the Chiller (GrIE)                     Turns: 2919, Time: 00:13:01

Health: -1/24      AC:  6    Str: 11    XL:     4   Next: 40%
Magic:  1/8        EV: 11    Int: 18    God:    Ru [*.....]
Gold:   75         SH:  0    Dex: 10    Spells: 2/9 levels left

rFire   . . .        m - +0 spear
rCold   . . .        (no shield)
rNeg    + . .        a - +0 robe
rPois   ∞            (no helmet)
rElec   +            (no cloak)
rCorr   .            (no gloves)
SInv    .            h - +0 pair of boots
Will    .....        (no amulet)
Stlth   +            (no ring)
HPRegen 0.24/turn    (no ring)
MPRegen 0.11/turn

%: no passive effects
@: very slow
A: sickness immunity, AC +3, negative energy resistance 1, electricity
resistance, torment resistance 1, petrification resistance, inability to drink
after injury 2
a: Renounce Religion


You were in a sewer.
You worshipped Ru.
Ru was aware of your devotion.
You visited 1 branch of the dungeon, and saw 3 of its levels.
You also visited: Sewer.

You collected 75 gold pieces.

Inventory:

Hand Weapons
 c - a +0 dagger
 m - a +0 spear (weapon)
Armour
 a - a +0 robe (worn)
 d - a +0 chain mail
 g - a +0 leather armour
 h - a +0 pair of boots (worn)
 i - a +0 ring mail
Jewellery
 j - a ring of protection from cold
 k - a ring of fire
Scrolls
 l - a scroll of identify
 o - a scroll of enchant armour {unknown}
 p - 2 scrolls of teleportation {unknown}
Potions
 b - a potion of magic
 e - a potion of invisibility
 f - 3 potions of might {unknown}
 n - 2 potions of brilliance {unknown}


   Skills:
 - Level 1.5 Dodging
 - Level 2.1 Stealth
 + Level 3.2 Spellcasting
 + Level 4.9 Ice Magic


You had 2 spell levels left.
You knew the following spells:

 Your Spells              Type           Power      Damage    Failure   Level
a - Freeze                Ice            80%        1d9       1%          1
b - Frozen Ramparts       Ice            40%        1d7       6%          3
c - Ozocubu's Armour      Ice            20%        N/A       6%          3

Your spell library contained the following spells:

 Spells                   Type           Power      Damage    Failure   Level
 Slow                     Hex            8%         N/A       16%         1
 Summon Ice Beast         Ice/Summ       11%        N/A       17%         3
 Confusing Touch          Hex            2%         N/A       43%         3
 Sigil of Binding         Hex            2%         N/A       43%         3
 Vampiric Draining        Necr           2%         2d6       43%         3


Dungeon Overview and Level Annotations

Branches:
Dungeon (3/15)              Sewer (1/1)

Altars:
Ru

Shops:
D:1 *   D:3 =


Innate Abilities, Weirdness & Mutations

You are immune to sickness and miasma.
Your stone body is resilient. (AC +3)
You are immune to poison.
You resist negative energy. (rN+)
You are resistant to electric shocks. (rElec)
You are resistant to unholy torment.
You are immune to petrification.
You sometimes lose the ability to drink potions when taking damage.


Message History

The crocodile is lightly wounded.
The crocodile barely misses you.
You hit the crocodile but do no damage.
The crocodile is lightly wounded.
The crocodile is no longer moving slowly.
The crocodile bites you. The crocodile drags you backwards!
Found 6 stones.
Casting: Ozocubu's Armour (quite dangerous; 6% risk of failure)
Confirm with . or Enter, or press ? or * to list all spells.
Casting: Frozen Ramparts (quite dangerous; 6% risk of failure)
Press: ? - help, Dir - look around, f - activate The walls around you are covered in ice.
The wall freezes the crocodile but does no damage.
The crocodile bites you.
Casting: Frozen Ramparts (quite dangerous; 6% risk of failure)
Confirm with . or Enter, or press ? or * to list all spells.
You don't have enough magic to cast this spell.
You miss the crocodile.
The crocodile is lightly wounded.
The wall freezes the crocodile.
The crocodile seems to slow down.
The crocodile bites you!
Ouch! That really hurt!
* * * LOW HITPOINT WARNING * * *
Okay, then.
The frozen ramparts melt away as you move.
Press: ? - help, v - describe, . - travel The floor.
The crocodile is no longer moving slowly.
You enter the shallow water.
Moving in this stuff is going to be slow.
The crocodile barely misses you.
The crocodile attacks as it pursues you!
The crocodile barely misses you.
The crocodile attacks as it pursues you!
The crocodile bites you but does no damage.
You enter the shallow water.
Moving in this stuff is going to be slow.
The crocodile attacks as it pursues you!
The crocodile bites you.
You die...

#..#### ##.###~#
#...##~# #...##~#
######## #....#~##
###.~....###
#.....~.#
###...~~.....###
#.....~.#
###.~~..####~...~##~?
#.....~~###.~..l###
###~..~~#
######†~~.~~..@##
##~.~~..
#.....†.###.~..~#
....~## #.∩.).~.#
###...~~# ...##~$
#.∩.#.~.# ###.~...
..### (= #...##~##
##..... ## # ######~#
##### #~# ###


You could see a crocodile.

Vanquished Creatures
  An adder (D:2)
  2 ribbon worms
  2 dart slugs (D:1)
  7 endoplasms
  6 giant cockroaches
  4 goblins
  8 hobgoblins
  4 jackals (Sewer)
  5 ball pythons
  7 bats
  2 frilled lizards (D:2)
  3 kobolds
  3 rats
54 creatures vanquished.

Notes
Turn   | Place    | Note
-------+----------+-------------------------------------------
     0 | D:1      | pewpewzerker the Gargoyle Ice Elementalist began the quest
                  | for the Orb.
     0 | D:1      | Reached XP level 1. HP: 10/10 MP: 3/3
   182 | D:1      | Reached XP level 2. HP: 6/15 MP: 0/5
  1006 | D:1      | Found Buqe's General Store.
  1267 | D:2      | Reached XP level 3. HP: 16/19 MP: 0/6
  1271 | D:2      | Learned a level 3 spell: Frozen Ramparts
  1279 | D:2      | Found a faded altar of an unknown god.
  1292 | D:2      | Prayed at the altar of an unknown god.
  1292 | D:2      | Became a worshipper of Ru the Awakened
  1318 | D:2      | Gained mutation: You occasionally lose the ability to drink
                  | potions when taking damage. [Ru sacrifice]
  1318 | D:2      | Gained mutation: You sometimes lose the ability to drink
                  | potions when taking damage. [Ru sacrifice]
  1318 | D:2      | Reached * piety under Ru
  1496 | D:2      | Learned a level 3 spell: Ozocubu's Armour
  2257 | D:2      | Reached XP level 4. HP: 24/24 MP: 8/8
  2394 | D:3      | Found Jisoek's Jewellery Emporium.
  2761 | D:3      | Found a glowing drain.
  2793 | Sewer    | Entered a sewer
  2894 | Sewer    | Noticed a crocodile
  2908 | Sewer    | HP: 1/24 [crocodile (14)]
  2919 | Sewer    | Slain by a crocodile

Illustrated notes

Levels and vault maps discovered:
D:1:      scummos_arrival_forest, layout_basic, serial_shops, shop
D:2:      layout_loops_ring, shapermc_ecumenical_altar_venn,
          hangedman_glass_teeth, kennysheep_cluttered_room,
          kennysheep_generic_room_13
D:3:      layout_loops_ring, serial_shops, nicolae_shop_tiny_glass,
          mainiacjoe_sewer_entry_somewhere_in_here_1, amcnicky_mini_pool_small,
          grunt_decor_junction, minmay_gold_behind_fungi, hangedman_decor_push
Sewer:    sewer_the_crocodile

Skill      XL: |  1  2  3 |
---------------+----------+-----
Spellcasting   | 3 |  3.2
Dodging        | |  1.5
Stealth        | |  2.1
Ice Magic      | |  4.9

Action                     |  1- 3 |  4- 6 || total
---------------------------+-------+-------++-------
  Melee: Unarmed           |     7 |       ||     7
         Dagger            |    57 |       ||    57
         Spear             |     7 |    33 ||    40
   Cast: Freeze            |    26 |    11 ||    37
         Frozen Ramparts   |     7 |     7 ||    14
         Ozocubu's Armour  |     2 |     2 ||     4
 Invoke: Sacrifice Drink   |     1 |       ||     1
    Use: Scroll            |     1 |     1 ||     2
   Stab: Sleeping          |     2 |       ||     2
 Armour: Robe              |    64 |    24 ||    88
  Dodge: Dodged            |    77 |    30 ||   107
